Map: Ley Lines

Players

MaxPax - Winner!

  • Race: Protoss Protoss
  • Spawn Location: 7:00

LiquidClem (Clem)

  • Race: Terran Terran
  • Spawn Location: 1:00

VOD

Have the link to the VOD?

Description

Time

  • Played on: Jan. 5, 2025, 4:46 p.m.
  • Length: 14:21
Show
View Real Time Build Order
Export as new Build Order

MaxPax Protoss - Winner!

Build Orders: 1 Gate Expand, Blink Stalkers 

Get SALT Encoding   

  12  0:00  Probe  
  13  0:12  Probe  
  14  0:16  Pylon  
  14  0:23  Probe  
  15  0:31  Probe  
  16  0:35  Gateway  
  16  0:39  Probe  
  16  0:45  Assimilator  
  17  0:50  Probe  
  18  1:03  Probe  
  19  1:15  Probe  
  20  1:22  Cybernetics Core  
  20  1:29  Probe  
  21  1:40  Nexus  
  21  1:42  Pylon  
  21  1:43  Probe  
  22  1:50  Assimilator, Adept  
  21  1:55  Probe  
  21  2:01  Warp Gate  
  24  2:07  Probe  
  25  2:10  Adept  
  25  2:19  Probe  
  28  2:27  Twilight Council  
  28  2:31  Probe  
  29  2:37  Stalker  
  31  2:48  Blink  
  31  2:52  Probe  
  31  2:57  Probe  
  33  3:02  Shield Battery  
  33  3:04  Probe, Gateway  
  34  3:09  Probe  
  35  3:16  Probe  
  36  3:26  Probe  
  37  3:32  Robotics Facility, Probe  
  38  3:39  Probe  
  39  3:44  Probe  
  39  3:47  Gateway  
  40  3:51  Probe  
  40  3:53  Pylon  
  41  3:56  Probe  
  41  3:58  Stalker  
  41  3:59  Stalker  
  46  4:08  Probe  
  43  4:11  Probe  
  44  4:19  Observer  
  44  4:20  Probe  
  44  4:22  Stalker x2  
  51  4:31  Nexus, Probe  
  50  4:32  Probe  
  50  4:34  Pylon  
  52  4:44  Probe  
  52  4:45  Probe  
  54  4:47  Assimilator  
  54  4:53  Pylon, Stalker x2  
  54  4:58  Stalker  
  54  4:59  Probe  
  60  5:02  Observer, Probe  
  61  5:11  Probe  
  62  5:14  Probe  
  62  5:19  Observer  
  64  5:21  Forge  
  64  5:23  Probe  
  64  5:25  Pylon  
  64  5:26  Probe  
  66  5:34  Probe  
  65  5:37  Stalker  
  65  5:38  Sentry, Charge  
  65  5:40  Probe  
  65  5:41  Pylon  
  71  5:42  Probe  
  71  5:43  Probe  
  71  5:48  Probe  
  73  5:50  Stalker  
  73  5:51  Probe  
  73  5:55  Probe  
  78  5:58  Probe  
  78  6:02  Probe, Gateway x2  
  80  6:05  Gateway  
  80  6:07  Probe  
  80  6:09  Warp Prism  
  80  6:10  Probe  
  82  6:13  Gateway  
  82  6:15  Gateway  
  82  6:17  Observer, Probe  
  82  6:18  Pylon  
  84  6:24  Probe  
  86  6:26  Assimilator  
  86  6:29  Sentry  
  86  6:30  Robotics Bay  
  86  6:32  Immortal  
  88  6:34  Pylon  
  88  6:38  Pylon  
  92  6:53  Pylon  
  90  7:01  Stalker  
  90  7:02  Colossus  
  90  7:03  Zealot x5  
  90  7:04  Probe  
  90  7:05  Pylon, Probe  
  104  7:12  Zealot x2  
  114  7:24  Zealot x3  
  120  7:31  Sentry  
  120  7:34  Extended Thermal Lance  
  122  7:41  Stalker x2  
  124  7:45  Zealot x5  
  132  7:54  Colossus  
  126  8:00  Stalker  
  133  8:10  Zealot  
  131  8:21  Pylon, Zealot  
  133  8:34  Pylon  
  133  8:41  Nexus  
  133  8:42  Colossus  
  131  8:53  Zealot x8  
  131  8:55  Probe x3  
  142  9:07  Probe x2  
  144  9:12  Pylon  
  144  9:14  Probe  
  145  9:17  Forge  
  145  9:20  Forge  
  145  9:27  Pylon  
  145  9:30  Pylon  
  145  9:31  Pylon  
  145  9:32  Zealot x6  
  155  9:39  Zealot  
  163  10:04  Zealot x7  
  154  10:24  Stalker x5  
  154  10:25  Zealot  
  111  10:51  Zealot  
  111  10:52  Zealot  
  111  10:55  Zealot x2  
  91  11:10  Stalker x4  
  87  11:16  Zealot x4  
  93  11:19  Templar Archives  
  93  11:33  Zealot x2  
  93  11:34  Psionic Storm  
  91  11:58  High Templar x3  
  95  12:01  High Templar  
  95  12:04  High Templar  
  99  12:17  High Templar x2  
  99  12:21  Archon  
  99  12:22  Zealot  
  105  12:32  Zealot x2  
  109  12:42  Pylon  
  109  13:01  Zealot, Stalker x2  
  103  13:16  Archon  
  73  13:21  Zealot x3  
  73  13:30  High Templar x3  
  79  13:35  Probe x2  
  81  13:46  Zealot  
  81  13:47  Zealot  
  83  13:55  Stalker  
  83  14:03  Probe  
Show
View Real Time Build Order
Export as new Build Order

LiquidClem Terran 

Build Orders:  

Get SALT Encoding   

  12  0:00  SCV  
  13  0:12  SCV  
  14  0:17  Supply Depot  
  14  0:24  SCV  
  15  0:38  SCV  
  15  0:40  Barracks  
  16  0:43  Refinery  
  16  0:50  SCV  
  17  1:02  SCV  
  18  1:05  Engineering Bay  
  18  1:14  SCV  
  19  1:27  Marine  
  19  1:28  Orbital Command  
  20  1:47  Reaper  
  20  1:49  Command Center  
  20  1:53  SCV  
  22  2:00  Supply Depot  
  22  2:07  Bunker  
  22  2:10  SCV  
  23  2:19  Factory  
  23  2:23  Barracks Reactor  
  23  2:25  SCV  
  24  2:31  Refinery  
  24  2:37  SCV  
  25  2:49  SCV  
  26  3:00  Marine x2  
  26  3:01  SCV  
  26  3:03  Hellion  
  26  3:04  Starport  
  30  3:12  Orbital Command  
  30  3:14  SCV  
  30  3:18  Marine x2  
  33  3:24  Widow Mine  
  33  3:26  SCV  
  36  3:35  Supply Depot  
  36  3:36  Marine x2  
  36  3:38  SCV x2  
  40  3:44  Medivac  
  42  3:50  Factory Tech Lab, SCV  
  42  3:51  SCV  
  42  3:54  Marine x2  
  46  4:02  SCV  
  47  4:03  SCV, Supply Depot  
  48  4:10  Siege Tank  
  48  4:14  Marine x2, SCV  
  54  4:24  Starport Tech Lab  
  54  4:25  SCV  
  54  4:26  SCV, Supply Depot  
  54  4:28  Barracks  
  56  4:31  Marine x2  
  56  4:37  SCV  
  59  4:40  SCV, Supply Depot  
  60  4:47  Siege Tank, Engineering Bay  
  60  4:50  Supply Depot  
  60  4:51  Raven  
  65  4:53  Marine  
  65  4:55  Marine, SCV  
  65  4:58  SCV  
  67  5:08  Barracks, SCV  
  67  5:10  SCV  
  67  5:12  Supply Depot, Refinery  
  67  5:13  Marine  
  67  5:14  Marine  
  70  5:20  SCV  
  71  5:24  Terran Infantry Weapons Level 1, SCV  
  71  5:28  Factory Reactor  
  72  5:31  Supply Depot  
  72  5:32  Marine, SCV  
  72  5:34  Marine  
  75  5:36  Refinery  
  75  5:37  Stimpack  
  75  5:38  Marine  
  75  5:40  SCV  
  75  5:41  Supply Depot  
  77  5:44  SCV  
  78  5:52  Marine  
  78  5:53  Marine, SCV  
  78  5:55  Supply Depot, Starport Reactor  
  81  5:58  Supply Depot  
  81  6:03  Combat Shield, Marauder  
  81  6:04  Marauder  
  85  6:08  Supply Depot  
  85  6:12  SCV x2  
  85  6:15  Medivac, Marine  
  85  6:16  Marine  
  85  6:18  Factory Reactor  
  91  6:21  Medivac  
  93  6:26  Command Center  
  93  6:30  Marauder  
  95  6:33  Marine x2  
  95  6:36  Marauder  
  99  6:46  Barracks  
  99  6:47  Barracks  
  99  6:50  SCV  
  99  6:51  Marine x2, SCV  
  103  6:55  Widow Mine x2  
  103  6:56  Medivac  
  103  6:58  Medivac  
  111  7:03  Marauder x2  
  111  7:07  SCV  
  116  7:08  Supply Depot  
  116  7:09  Marine x2  
  116  7:11  SCV  
  119  7:16  Concussive Shells  
  119  7:17  Widow Mine x2  
  123  7:24  Terran Infantry Armor Level 1  
  123  7:27  Supply Depot  
  123  7:29  Marauder  
  125  7:31  Marine x2  
  125  7:34  SCV, Marauder  
  125  7:35  Barracks Tech Lab  
  125  7:36  Barracks Reactor  
  66  7:44  Medivac x2  
  129  7:46  SCV  
  129  7:48  SCV  
  129  7:49  Marine  
  129  7:51  Marine, Marauder  
  135  7:53  Widow Mine  
  135  7:55  Marauder  
  137  8:02  Orbital Command  
  133  8:06  Marine  
  133  8:08  SCV x2  
  133  8:12  Marauder  
  137  8:17  Marine x2  
  137  8:18  Marine x2  
  138  8:21  Marauder  
  138  8:22  SCV  
  138  8:23  SCV  
  142  8:30  Marauder  
  142  8:31  Orbital Command  
  142  8:33  Viking  
  146  8:34  SCV  
  146  8:35  SCV, Viking  
  146  8:38  Marine x2  
  146  8:39  Marine  
  153  8:42  Marine  
  153  8:46  Marauder  
  153  8:47  SCV x2  
  154  8:50  Widow Mine x2  
  154  8:54  Supply Depot  
  155  8:59  SCV x2  
  155  9:00  SCV, Marauder  
  149  9:05  Viking  
  151  9:11  SCV x2, Viking  
  151  9:13  Marauder  
  157  9:17  Supply Depot  
  157  9:18  Marine x2  
  157  9:19  Marine x2  
  157  9:22  SCV  
  160  9:27  Refinery x2  
  160  9:28  Marauder  
  160  9:29  Supply Depot  
  160  9:30  Marauder  
  164  9:35  Bunker, Supply Depot  
  164  9:36  Marauder  
  164  9:37  Marine x2  
  165  9:43  Viking  
  167  9:46  Marine  
  167  9:49  Marauder  
  167  9:52  Marine, Supply Depot, Marauder  
  173  9:53  Viking  
  173  9:55  SCV  
  173  9:58  Marine x2  
  176  10:00  SCV x2  
  178  10:07  Marine, SCV, Marauder  
  178  10:13  Marine, Viking  
  178  10:19  Marine  
  178  10:20  Marine, Orbital Command  
  178  10:21  Marauder  
  174  10:23  Marine  
  174  10:25  Marine  
  166  10:29  Marine  
  158  10:35  Marine  
  158  10:39  Marine  
  142  10:45  Orbital Command  
  142  10:49  Marauder  
  125  10:55  Marine  
  106  11:12  Viking  
  106  11:20  Viking  
  104  11:25  Marine  
  104  11:26  Marine  
  104  11:29  Marine  
  104  11:30  Marine  
  104  11:32  Marauder  
  110  11:36  Marauder  
  110  11:38  Marauder  
  112  11:40  Widow Mine  
  112  11:44  Widow Mine  
  111  11:49  Marine x3  
  111  11:50  Marine  
  111  11:52  Viking  
  115  11:57  Viking  
  115  12:01  Marauder  
  117  12:02  Marauder  
  117  12:05  Marauder  
  121  12:12  Marine x3  
  121  12:13  Marine  
  124  12:22  Viking  
  126  12:23  Marauder  
  126  12:24  Marauder  
  128  12:31  Marine x2  
  128  12:32  Marine  
  131  12:40  Viking  
  131  12:44  Marauder  
  131  12:50  Marauder  
  135  12:52  Marine  
  136  13:00  Viking  
  136  13:04  Widow Mine  
  140  13:12  Marine  
Tags
 
Composition
Blink Stalkers
Matchup
PvT
Spawn Locations
Cross Positions
Add a new tag
Caveats
  • Supply blocks, unpowered buildings, or Contaminate may cause inaccurate times.
  • Supply counts are checked every 10 seconds.